 Dungeon Crawl Stone Soup version bcrawl-1.27.3 (webtiles) character file.

Game seed: 15981584200334699043

121699 MisterOstroum the Cudgeler (level 3, 0/60 HPs)
             Began as an Ogre Berserker on Aug 7, 2020.
             Was a Believer of Trog.
             Succumbed to an adder's poison
             ... on level 2 of the Dungeon.
             The game lasted 00:01:27 (1435 turns).

MisterOstroum the Cudgeler (Ogre Berserker)         Turns: 1435, Time: 00:01:28

Health: 0/60       AC:  3    Str: 27    XL:     3   Next: 91%
Magic:  3/3        EV: 10    Int:  8    God:    Trog [**....]
Gold:   64         SH:  0    Dex:  8    Spells: 2/2 levels left

rFire    . . .     SeeInvis .   a - +0 mace
rCold    . . .     Gourm    .   (no shield)
rNeg     . . .     Faith    .   b - +0 animal skin
rPois    .         Spirit   .   (helmet restricted)
rElec    .         Reflect  .   (no cloak)
rCorr    .         Harm     .   (gloves unavailable)
MR       .....                  (boots unavailable)
Stlth    ..........             (no amulet)
HPRegen  0.20/turn              (no ring)
MPRegen  0.08/turn              (no ring)

@: berserking (expiring), lethally poisoned (0 -> -16), very quick
A: large, unfitting armour, tough skin 1
a: Berserk, Trog's Hand, Renounce Religion


You were on level 2 of the Dungeon.
You worshipped Trog.
Trog was pleased with you.
You were hungry.

You visited 1 branch of the dungeon, and saw 2 of its levels.

You collected 64 gold pieces.

Inventory:

Hand Weapons
 a - a +0 mace (weapon)
Missiles
 g - 97 javelins (quivered)
 i - 408 sling bullets
 j - 140 bolts
Armour
 b - a +0 animal skin (worn)
Scrolls
 d - 2 scrolls of identify {@r1}
 k - 3 scrolls of enchant armour {unknown}
 m - a scroll of teleportation {unknown}
Potions
 c - 2 potions of heal wounds
 h - a potion of berserk rage {unknown}
 l - a potion of invisibility {unknown}
Comestibles
 e - 3 rations {!d}
 f - a chunk of flesh


   Skills:
 + Level 4.6 Fighting
 * Level 4.8 Maces & Flails
 + Level 3.1 Dodging


You had 2 spell levels left.
You didn't know any spells.
Your spell library was empty.

Dungeon Overview and Level Annotations

Branches:
Dungeon (2/12)

Altars:
Yredelemnul
The Shining One


Innate Abilities, Weirdness & Mutations

You are too large for most types of armour.
You have tough skin. (AC +1)


Message History

There is a stone staircase leading up here.
An adder, a hobgoblin and an orc come into view.
The orc is wielding a +0 club and quivering 53 poisoned tomahawks.
The orc shouts!
The hobgoblin shouts!
The orc throws a poisoned tomahawk.
The poisoned tomahawk hits you but does no damage.
You are poisoned.
There are monsters nearby!
You hit the hobgoblin.
The hobgoblin is severely wounded.
You feel sick. The hobgoblin barely misses you.
The orc throws a poisoned tomahawk.
The poisoned tomahawk hits you but does no damage.
You are more poisoned.
The hobgoblin misses you.
The orc throws a poisoned tomahawk.
The poisoned tomahawk hits you but does no damage.
You are more poisoned.
You hit the hobgoblin.
The hobgoblin is almost dead.
You feel sick.
The orc throws a poisoned tomahawk.
The poisoned tomahawk hits you.
You are lethally poisoned!
The hobgoblin hits you with a +0 club.
You are too injured to fight recklessly!
You are too injured to fight recklessly!
You feel very sick.
Press: ? - help, v - describe, . - travel
Here: a hobgoblin, wielding a +0 club (almost dead)
You feel sick.
Okay, then.
Unknown command.
You feel sick.
You are lethally poisoned (22 -> -3).
Your movement speed is average.
Your attack speed is below average.
Unknown command.
Press: ? - help, . - travel You can't see that place. [the floor.] Unknown command.
You feel sick.
You feel sick.
You feel sick.
You feel sick.
Okay, then.
Your skin crawls.
You feel resistant to hostile enchantments.
You feel somewhat more hungry.
You feel sick.
You feel sick. The hobgoblin barely misses you.
You feel sick.
You feel sick.
You feel sick.
You feel sick.
You feel the effects of Trog's Hand fading.
You feel sick.
You feel sick.
You feel sick.
You feel sick.
You feel sick.
You hit the hobgoblin.
You kill the hobgoblin!
Trog accepts your kill.
You feel sick.
Your skin stops crawling.
You feel less resistant to hostile enchantments.
A red film seems to cover your vision as you go berserk!
You feel yourself moving faster!
You feel mighty!
You are feeling hungry.
You feel sick. The adder barely misses you.
You barely miss the adder. The adder bites you.
* * * LOW HITPOINT WARNING * * *
You are more poisoned.
The adder poisons you!
You closely miss the adder.
You feel sick. The adder bites you.
* * * LOW HITPOINT WARNING * * *
You closely miss the adder.
You feel sick. The adder bites you.
* * * LOW HITPOINT WARNING * * *
You miss the adder.
You feel sick. The adder bites you.
* * * LOW HITPOINT WARNING * * *
You miss the adder. The adder bites you.
* * * LOW HITPOINT WARNING * * *
You are more poisoned.
The adder poisons you!
You barely miss the adder.
* * * LOW HITPOINT WARNING * * *
You feel sick. The adder bites you but does no damage.
You are too berserk!
Unknown command.
You barely miss the adder.
* * * LOW HITPOINT WARNING * * *
You feel sick. The adder barely misses you.
You thump the adder!
The adder is almost dead.
* * * LOW HITPOINT WARNING * * *
You feel sick. The adder bites you.
* * * LOW HITPOINT WARNING * * *
You are more poisoned.
The adder poisons you!
You barely miss the adder.
The adder is almost dead.
You die...

......#.########.#
...............#.#
...............#.#
...............#.#
...............#.#
....#....รท.....#.#
.[.............#o#
.....####....###S#
......######.# #@#
..##...#####.###.#####
.[##......##.........#
#.........##......)..#
#.###.....##.........#
#.# #.....##.#######.#
..# #.....##########.#
### #.....#####.#^##.#
#.......##....##.#


You could see an adder and an orc.

Vanquished Creatures
  An ooze (D:2)
  2 worms (D:2)
  A dart slug (D:1)
  A leopard gecko (D:1)
  2 ball pythons
  4 giant cockroaches
  5 hobgoblins
  6 kobolds
  2 quokkas (D:2)
  2 bats (D:1)
  3 frilled lizards
  6 goblins
  2 rats (D:1)
  A spectral orc (D:2)
38 creatures vanquished.

Notes
Turn   | Place    | Note
-------+----------+-------------------------------------------
     0 | D:1      | MisterOstroum the Ogre Berserker began the quest for the
                  | Orb.
     0 | D:1      | Reached XP level 1. HP: 24/24 MP: 1/1
   183 | D:1      | Reached XP level 2. HP: 30/32 MP: 2/2
   567 | D:1      | Reached XP level 3. HP: 36/40 MP: 3/3
   589 | D:1      | Reached ** piety under Trog
  1282 | D:2      | Found a glowing golden altar of the Shining One.
  1323 | D:2      | Found a basalt altar of Yredelemnul.
  1434 | D:2      | HP: 1/60 [adder (4)]
  1435 | D:2      | Succumbed to an adder's poison

Skill      XL: |  1  2 |
---------------+-------+-----
Maces & Flails | 4 |  4.8
Dodging        | 3 |  3.1
Fighting       | |  4.6

Action                   || total
-------------------------++-------
Melee: Mace              ||   119
Invok: Berserk           ||     2
       Trog's Hand       ||     1
  Use: Scroll            ||     1
  Eat: Chunk             ||     6
Armor: Animal skin       ||    21
Dodge: Dodged            ||    65
